 Dungeon Crawl Stone Soup version 0.25.1-2-g60ff931df9 (webtiles) character file.

Game seed: 8336062530935640440

390 Johnny the Digger (level 6, -11/45 HPs)
             Began as a Demigod Earth Elementalist on Oct 21, 2020.
             Mangled by Ijyb
             ... wielding a +0 dagger of electrocution
              (17 damage)
             ... on level 5 of the Dungeon.
             The game lasted 00:05:27 (5464 turns).

Johnny the Digger (Demigod Earth Elementalist)      Turns: 5464, Time: 00:05:28

Health: -11/45     AC:  3    Str: 11    XL:     6   Next: 25%
Magic:  5/14       EV: 12    Int: 23    God:
Gold:   176        SH:  0    Dex: 16    Spells: 3/12 levels left

rFire    . . .     SeeInvis .   i - +0 dagger
rCold    . . .     Gourm    .   (no shield)
rNeg     . . .     Faith    .   c - +0 robe
rPois    .         Spirit   .   (no helmet)
rElec    .         Reflect  .   (no cloak)
rCorr    .         Harm     .   (no gloves)
MR       .....                  o - +0 pair of boots
Stlth    ++........             (no amulet)
HPRegen  0.15/turn              (no ring)
MPRegen  0.14/turn              (no ring)

@: no status effects
A: high mp 1
a: no special abilities


You were on level 5 of the Dungeon.
You were not hungry.

You visited 1 branch of the dungeon, and saw 5 of its levels.

You collected 225 gold pieces.
You spent 49 gold pieces at shops.

Inventory:

Hand Weapons
 i - a +0 dagger (weapon)
Missiles
 b - 65 stones (quivered)
Armour
 c - a +0 robe (worn)
 e - a +0 buckler
 o - a +0 pair of boots (worn)
Magical Staves
 k - a cursed staff of earth {unknown}
Wands
 r - a wand of disintegration (8)
Scrolls
 f - 2 scrolls of fog
 h - 2 scrolls of enchant weapon {unknown}
 j - a scroll of amnesia
 m - 2 scrolls of remove curse {unknown}
 n - 2 scrolls of enchant armour {unknown}
Potions
 a - a potion of flight
 g - a potion of might {unknown}
 l - a potion of mutation {unknown}
 p - 2 potions of lignification
Comestibles
 d - 7 rations
 q - 3 chunks of flesh


   Skills:
 - Level 1.7 Dodging
 - Level 1.7 Stealth
 + Level 1.3 Shields
 + Level 3.5 Spellcasting
   Level 0.8 Transmutations
 * Level 5.5 Earth Magic


You had 3 spell levels left.
You knew the following spells:

 Your Spells              Type           Power        Failure   Level  Hunger
a - Sandblast             Erth           ####..       1%          1    None
b - Stone Arrow           Conj/Erth      ###...       11%         3    ###....
c - Lee's Rapid Deconstr  Erth           ####......   30%         5    ######.

Your spell library contained the following spells:

 Spells                   Type           Power        Failure   Level  Hunger
 Passwall                 Tmut/Erth      ###.....     4%          2    #......
 Animate Skeleton         Necr           N/A          11%         1    None
 Petrify                  Tmut/Erth      ###.....     28%         4    ####...


Dungeon Overview and Level Annotations

Branches:
Dungeon (5/15)             Temple (0/1) D:4

Shops:
D:4 [

Annotations:
D:4 Grinder
D:5 Ijyb


Innate Abilities, Weirdness & Mutations

You have an increased reservoir of magic. (+10% MP)


Message History

Aim: Ijyb, wielding a +0 dagger of electrocution, wearing a +0 leather armour and carrying a wand of paralysis (12)
The blast of sand hits Ijyb!
Ijyb is heavily wounded.
b - 66 stones The gnoll hits you from afar with a +0 halberd!
* * * LOW HITPOINT WARNING * * *
Ijyb zaps a wand.
You resist with some effort.
Casting: Sandblast (safe; 1% risk of failure)
Confirm with . or Enter, or press ? or * to list all spells.
Aiming: Sandblast (safe; 1% risk of failure)
Press: ? - help, Shift-Dir - straight line, f/p - Ijyb
Aim: Ijyb, wielding a +0 dagger of electrocution, wearing a +0 leather armour and carrying a wand of paralysis (11) (heavily wounded)
The blast of sand hits Ijyb!
Ijyb is almost dead.
b - 65 stones The gnoll completely misses you.
Ijyb hits you with a +0 dagger of electrocution.
* * * LOW HITPOINT WARNING * * *
You are electrocuted!
You die...

#....# #....# .....#
....## # # ....# ..#
#.###..# ⌠...# #...#<.##
......##### #.....##
.......g@.### ####....
.....gg##...### #..##
.8....g#..⌠...### ####.##
..$...##........###).....
......#.............#.).#
.....##........⌠.##...#.#
..⌠..#.[...8.....######.#
#...##.⌠........## #..
...........# #..


You could see Ijyb and 2 gnolls.

Vanquished Creatures
  An ogre (D:3)
  Blork the orc (D:4)
  An orc wizard (D:4)
  3 orc priests
  A gnoll (D:5)
  3 adders
  A worm (D:2)
  3 dart slugs
  4 leopard geckos
  5 orcs
  5 giant cockroaches
  4 goblins
  6 hobgoblins
  4 jackals (D:5)
  A quokka (D:2)
  7 bats
  4 frilled lizards
  10 kobolds
  11 rats
75 creatures vanquished.

Notes
Turn   | Place    | Note
-------+----------+-------------------------------------------
     0 | D:1      | Johnny the Demigod Earth Elementalist began the quest for
                  | the Orb.
     0 | D:1      | Reached XP level 1. HP: 14/14 MP: 5/5
   400 | D:1      | Reached skill level 3 in Earth Magic
   567 | D:1      | Reached XP level 2. HP: 18/20 MP: 2/7
  1472 | D:2      | Found a glowing golden altar of the Shining One.
  2159 | D:2      | Reached XP level 3. HP: 25/26 MP: 9/9
  3248 | D:3      | Reached skill level 4 in Earth Magic
  3300 | D:3      | Found a radiant altar of Vehumet.
  3584 | D:3      | HP: 1/26 [orc priest/nerve-wracking pain (11)]
  3594 | D:3      | Reached XP level 4. HP: 9/33 MP: 0/10
  3842 | D:3      | Found an ancient bone altar of Kikubaaqudgha.
  3843 | D:3      | Found a shimmering blue altar of Sif Muna.
  3849 | D:3      | Identified Kikubaaqudgha's Incunabulum of Darkness
  4113 | D:3      | Found a shimmering altar of Xom.
  4114 | D:3      | Found a hazy altar of Hepliaklqana.
  4115 | D:3      | Noticed a spectral ugly thing
  4208 | D:3      | Noticed an ogre
  4217 | D:3      | Killed an ogre
  4217 | D:3      | Reached XP level 5. HP: 38/38 MP: 7/12
  4350 | D:4      | Reached skill level 5 in Earth Magic
  4489 | D:4      | Found Zolog's Armour Shoppe.
  4498 | D:4      | Bought a +0 buckler for 49 gold pieces
  4543 | D:4      | Noticed a +0 dagger
  4544 | D:4      | Found a hide-covered altar of Uskayaw.
  4545 | D:4      | Noticed a +0 dagger
  5141 | D:4      | Found a staircase to the Ecumenical Temple.
  5144 | D:4      | Noticed Grinder
  5145 | D:4      | Paralysed by Grinder for 2 turns
  5277 | D:4      | Learned a level 3 spell: Stone Arrow
  5283 | D:4      | Learned a level 5 spell: Lee's Rapid Deconstruction
  5351 | D:4      | Noticed Blork the orc
  5359 | D:4      | Killed Blork the orc
  5359 | D:4      | Reached skill level 1 in Shields
  5359 | D:4      | Reached XP level 6. HP: 45/45 MP: 9/14
  5393 | D:5      | Entered Level 5 of the Dungeon
  5455 | D:5      | Noticed Ijyb
  5464 | D:5      | Mangled by Ijyb

Illustrated notes

Levels and vault maps discovered:
D:1:      dpeg_arrival_round_b, layout_basic, minmay_pentomino_u4
D:2:      layout_basic, tso_oasis_becter
D:3:      layout_rooms, regret_index_temple_of_mockery,
          grunt_temple_overflow_magic_moments
D:4:      cheibrodos_thug_alley, layout_cave_pools, evilmike_ruin_ashenzari,
          dancing_weapons_uskayaw, minmay_temple_entry_slanted, first_ration,
          serial_shops, shop, shop, shop, tgw_kikubaaqudgha, uniq_grinder,
          uniq_blork_the_orc
D:5:      minmay_skewed_foursquare, layout_rooms, minmay_misc_feat_encased,
          uniq_ijyb

Skill      XL: |  1  2  3  4  5 |
---------------+----------------+-----
Earth Magic    | 3 4 5 |  5.5
Spellcasting   | 2 3 |  3.5
Shields        | 1 |  1.3
Dodging        | |  1.7
Stealth        | |  1.7
Transmutations | |  0.8

Action                   |  1- 3 |  4- 6 || total
-------------------------+-------+-------++-------
Melee: Unarmed           |     6 |       ||     6
       Dagger            |    87 |    26 ||   113
 Cast: Sandblast         |    59 |    36 ||    95
  Use: Potion            |     5 |       ||     5
       Scroll            |       |     3 ||     3
 Stab: Sleeping          |     3 |       ||     3
  Eat: Chunk             |     9 |     2 ||    11
       Ration            |       |     1 ||     1
Armor: Robe              |    27 |     8 ||    35
Dodge: Dodged            |    85 |    22 ||   107
